 Dungeon Crawl Stone Soup version 0.31-a0-654-gbe3e110b4e (webtiles) character file.

Game seed: 1301768542110444411

70 holysushi the Cutter (level 4, -2/28 HPs)
             Began as a Kobold Monk on Aug 29, 2023.
             Killed by divine providence
             ... invoked by an orc priest
              (14 damage)
             ... on level 3 of the Dungeon.
             The game lasted 00:02:19 (2361 turns).

holysushi the Cutter (Kobold Monk)                  Turns: 2361, Time: 00:02:20

Health: -2/28      AC:  3    Str:  8    XL:     4   Next: 45%
Magic:  4/4        EV: 17    Int: 11    God:
Gold:   76         SH:  0    Dex: 19    Spells: 3/3 levels left

rFire   . . .        a - +4 short sword
rCold   . . .        (no shield)
rNeg    . . .        b - +1 robe
rPois   .            (no helmet)
rElec   .            (no cloak)
rCorr   +            (no gloves)
SInv    .            (no boots)
Will    .....        (no amulet)
Stlth   +++          k - ring of resist corrosion
HPRegen 0.24/turn    (no ring)
MPRegen 0.09/turn

%: no passive effects
@: hasted, very quick
A: small, no large weapons, nightstalker 3
a: no special abilities


You were on level 3 of the Dungeon.
You visited 1 branch of the dungeon, and saw 3 of its levels.

You collected 76 gold pieces.

Inventory:

Hand Weapons
 a - a +4 short sword (weapon)
Armour
 b - a +1 robe (worn)
Jewellery
 k - a ring of resist corrosion (left hand)
Scrolls
 e - a scroll of identify {unknown}
 f - 2 scrolls of blinking {unknown}
 i - a scroll of immolation {unknown}
 j - a scroll of torment {unknown}
Potions
 g - a potion of might {unknown}
 h - a potion of haste
 l - a potion of enlightenment


   Skills:
 - Level 3.2 Fighting
 + Level 5.3 Short Blades
 + Level 4.8 Dodging
 + Level 1.1 Stealth


You had 3 spell levels left.
You didn't know any spells.
Your spell library contained the following spells:

 Spells                   Type           Power      Damage    Failure   Level
 Apportation              Tloc           0%         N/A       34%         1
 Necrotise                Necr           0%         1d4       34%         1
 Summon Small Mammal      Summ           0%         N/A       34%         1
 Sublimation of Blood     Necr           0%         N/A       47%         2
 Wereblood                Tmut           0%         N/A       47%         2
 Irradiate                Conj/Tmut      0%         3d11      100%        5
 Summon Hydra             Summ           0%         N/A       100%        7


Dungeon Overview and Level Annotations

Branches:
Dungeon (3/15) Zot: 15670

Altars:


Innate Abilities, Weirdness & Mutations

You are small and have problems with some larger weapons.
You are completely attuned to the shadows.


Message History

You hit the orc.
You kill the orc!
The orc priest looks braver for a moment.
The orc misses you.
Things that are here:
a +0 war axe; a +0 chain mail You closely miss the orc priest.
You hit the orc priest but do no damage.
The orc priest barely misses you. The orc misses you.
You hit the orc priest but do no damage.
You hit the orc priest but do no damage.
The orc priest hits you but does no damage.
The orc closely misses you.
The orc shouts!
You hit the orc priest.
The orc priest is lightly wounded.
The orc priest hits you with a +0 dagger.
You barely miss the orc priest.
The orc priest is lightly wounded.
The orc misses you.
You hit the orc priest but do no damage.
The orc priest is lightly wounded.
You barely miss the orc priest.
The orc priest is lightly wounded.
The orc priest hits you but does no damage.
The orc hits you with a +0 dagger.
You hit the orc priest.
The orc priest is moderately wounded.
You hit the orc priest.
The orc priest is heavily wounded.
The orc priest hits you with a +0 dagger.
The orc misses you.
You hit the orc priest.
The orc priest is heavily wounded.
You hit the orc priest but do no damage.
The orc priest is heavily wounded.
The orc priest invokes the aid of Beogh against you.
Beogh smites you!
Ouch! That really hurt!
You die...

+........+... +.........oo
#........##.###...#####o##
.#........##.#.'...+...o.##
>..†..####.....#...########
...............#...# #
.###.#####.##..#...# #
#........#..#...# #
#..#####o#..#...#
#......@o...#####
####.###o##.# #...#.# .#
###...##.# #......#
#.#..### #.#....# #.##†#.#
#.##...############


You could see an orc priest and 2 orcs.

Vanquished Creatures
  2 adders (D:2)
  A worm (D:2)
  A dart slug (D:1)
  2 orcs (D:3)
  7 ball pythons
  5 endoplasms
  4 giant cockroaches (D:1)
  5 goblins
  2 hobgoblins
  2 quokkas
  A bat (D:3)
  5 frilled lizards
  4 kobolds
  4 rats
45 creatures vanquished.

Notes
Turn   | Place    | Note
-------+----------+-------------------------------------------
     0 | D:1      | holysushi the Kobold Monk began the quest for the Orb.
     0 | D:1      | Reached XP level 1. HP: 14/14 MP: 1/1
   226 | D:1      | Reached XP level 2. HP: 15/19 MP: 2/2
   525 | D:1      | Reached XP level 3. HP: 20/23 MP: 3/3
  1235 | D:2      | Reached skill level 5 in Short Blades
  1661 | D:2      | Reached XP level 4. HP: 21/28 MP: 4/4
  2286 | D:3      | Reached skill level 1 in Stealth
  2361 | D:3      | Killed from afar by an orc priest

Illustrated notes

Levels and vault maps discovered:
D:1:      dpeg_arrival_castle, layout_basic
D:2:      layout_loops_ring, minmay_misc_feat_columns
D:3:      layout_basic, mainiacjoe_overflow_six_doors_small,
          shapermc_ecumenical_altar_venn

Skill      XL: |  1  2  3  4 |
---------------+-------------+-----
Dodging        | 4 |  4.8
Short Blades   | 5 |  5.3
Stealth        | 1 |  1.1
Fighting       | |  3.2

Action                     |  1- 3 |  4- 6 || total
---------------------------+-------+-------++-------
  Melee: Short sword       |    86 |    36 ||   122
    Use: Potion            |     2 |     1 ||     3
         Scroll            |       |     2 ||     2
   Stab: Sleeping          |     3 |     3 ||     6
 Armour: Robe              |     3 |     7 ||    10
  Dodge: Dodged            |    57 |    21 ||    78

Table legend: (Time is in decaauts)
 A = Elapsed time spent in this place.
 B = Non-inter-level travel time spent in this place.
 C = Inter-level travel time spent in this place.
 D = Time resting spent in this place.
 E = Time spent auto-exploring this place.
 F = Levels seen in this place.
 G = Mean time per level.
                   A        B        C        D        E       F      G
               +--------+--------+--------+--------+--------+-----+--------+
         Total |   2329 |   2281 |     48 |     54 |   1904 |   3 |  776.3 |
       Dungeon |   2329 |   2281 |     48 |     54 |   1904 |   3 |  776.3 |
               +--------+--------+--------+--------+--------+-----+--------+

Top non-repeatable levels by time:
     D:1: 1197 daAuts
     D:2: 898 daAuts
     D:3: 233 daAuts
